 Dungeon Crawl Stone Soup version 0.25-a0-583-g696c2ac64d (webtiles) character file.

Game seed: 6962143918860547710, levelgen mode: deterministic

36 Irikuri the Slasher (level 3, 0/30 HPs)
             Began as a Minotaur Gladiator on Mar 8, 2020.
             Succumbed to an adder's poison
             ... on level 2 of the Dungeon.
             The game lasted 00:04:21 (768 turns).

Irikuri the Slasher (Minotaur Gladiator)             Turns: 768, Time: 00:04:22

Health: 0/30       AC:  4    Str: 19    XL:     3   Next: 19%
Magic:  2/2        EV: 12    Int:  7    God:
Gold:   75         SH:  3    Dex: 11    Spells: 2/2 levels left

rFire    . . .     SeeInvis .   a - +0 long sword
rCold    . . .     Gourm    .   m - +0 buckler
rNeg     . . .     Faith    .   b - +0 leather armour
rPois    .         Spirit   .   c - +0 hat
rElec    .         Reflect  .   (no cloak)
rCorr    .         Harm     .   (no gloves)
MR       .....                  (no boots)
Stlth    +.........             (no amulet)
HPRegen  0.10/turn              (no ring)
MPRegen  0.08/turn              (no ring)

@: lethally poisoned (0 -> -2)
A: retaliatory headbutt, horns 2, rugged brown scales 1, clever 1
a: no special abilities


You were on level 2 of the Dungeon.
You were not hungry.

You visited 1 branch of the dungeon, and saw 2 of its levels.

You collected 75 gold pieces.

Inventory:

Hand Weapons
 a - a +0 long sword (weapon)
 h - a +0 spear
Missiles
 d - 3 throwing nets (quivered)
 e - 27 arrows
 i - 17 sling bullets
Armour
 b - a +0 leather armour (worn)
 c - a +0 hat (worn)
 g - a +0 ring mail
 m - a +0 buckler (worn)
Scrolls
 k - a scroll of identify
Potions
 j - a potion of might
Comestibles
 f - 5 rations
 n - 5 chunks of flesh


   Skills:
 + Level 2.6 Fighting
 + Level 4.5 Long Blades
 + Level 2.1 Throwing
 + Level 0.2 Armour
 + Level 3.8 Dodging


You had 2 spell levels left.
You didn't know any spells.
Your spell library was empty.

Dungeon Overview and Level Annotations

Branches:
Dungeon (2/15)

Altars:


Innate Abilities, Weirdness & Mutations

You reflexively headbutt those who attack you in melee.
You have a pair of horns on your head.
You are partially covered in rugged brown scales. (AC +1, +3% HP)
Your mind is acute. (Int +2)


Message History

There is a lethal amount of poison in your body!
There is a lethal amount of poison in your body!
There is a lethal amount of poison in your body!
There is a lethal amount of poison in your body!
As you read the scroll labeled SERUCK BAUSU, it crumbles to dust.
You feel strangely unstable.
It was a scroll of teleportation.
* * * LOW HITPOINT WARNING * * *
You feel sick.
You see here an adder corpse.
Your surroundings suddenly seem different.
* * * LOW HITPOINT WARNING * * *
You feel sick.
* * * LOW HITPOINT WARNING * * *
You feel sick.
There is a lethal amount of poison in your body!
There is a lethal amount of poison in your body!
* * * LOW HITPOINT WARNING * * *
You feel sick.
Found a ration.
You die...

############
#..........#
#...@......#
#..........#
#..........#
..........####
...........#
..........##
..........#
##+###
.%........#
.....#


There were no monsters in sight!

Vanquished Creatures
  An adder (D:2)
  An ooze (D:1)
  A worm (D:2)
  A dart slug (D:1)
  A bat (D:2)
  2 hobgoblins (D:2)
  3 jackals (D:1)
  6 kobolds (D:2)
  2 frilled lizards (D:2)
  A rat (D:1)
19 creatures vanquished.

Notes
Turn   | Place    | Note
-------+----------+-------------------------------------------
     0 | D:1      | Irikuri the Minotaur Gladiator began the quest for the Orb.
     0 | D:1      | Reached XP level 1. HP: 18/18 MP: 0/0
   215 | D:1      | Reached skill level 4 in Long Blades
   215 | D:1      | Reached XP level 2. HP: 23/25 MP: 1/1
   664 | D:2      | Gained mutation: You are partially covered in rugged brown
                  | scales. (AC +1, +3% HP) [potion of mutation]
   664 | D:2      | Gained mutation: Your mind is acute. (Int +2) [potion of
                  | mutation]
   754 | D:2      | Reached XP level 3. HP: 5/30 MP: 2/2
   761 | D:2      | HP: 1/30 [poisoned by an adder]
   768 | D:2      | Succumbed to an adder's poison

Levels and vault maps discovered:
D:1:      lightli_arrival_statuegarden, layout_loops_ring
D:2:      layout_basic, marbit_many_paths, nicolae_overflow_hidden_temple,
          chequers_ecumenical_altar_simple_redux

Skill      XL: |  1 |
---------------+----+-----
Long Blades    | 4 |  4.5
Fighting       | |  2.6
Throwing       | |  2.1
Armour         | |  0.2
Dodging        | |  3.8

Action                   || total
-------------------------++-------
Melee: Long sword        ||    41
       Headbutt          ||     3
  Use: Potion            ||     5
       Scroll            ||     2
Armor: Leather armour    ||    13
Dodge: Dodged            ||    40
Block: Buckler           ||     9
       Rpst.: Long sword ||    13

Table legend:
 A = Non-vault XP
 B = Vault XP
 C = Vault XP percentage of total XP
 D = Non-vault monster count
 E = Vault monster count
 F = Vault count percentage of total count
                 A         B        C        D         E       F
            +---------+---------+-------+---------+---------+-------
      Total |      52 |       0 |   0.0 |      19 |       0 |   0.0
            +---------+---------+-------+---------+---------+-------
        D:1 |      18 |       0 |   0.0 |       6 |       0 |   0.0
        D:2 |      34 |       0 |   0.0 |      13 |       0 |   0.0
            +---------+---------+-------+---------+---------+-------
